 Dungeon Sprint DCSS version 0.14-a0-3376-gf173aa4 (webtiles) character file.

258 BluebellGnoll the Thaumaturge (level 5, -4/24 HPs)
             Began as a Spriggan Air Elementalist on Mar 20, 2014.
             Was a Follower of Sif Muna.
             Slain by an unseen horror (12 damage)
             ... in the Dungeon (Sprint IX: "|||||||||||||||||||||||||||||").
             The game lasted 00:04:21 (383 turns).

BluebellGnoll the Thaumaturge (SpAE)                 Turns: 383, Time: 00:04:21

HP  -4/24        AC  3     Str  4      XL: 5   Next: 94%
MP  13/27        EV 21     Int 17      God: Sif Muna [*.....]
Gold 0           SH  0     Dex 20      Spells:  4 memorised, 20 levels left

rFire  . . .     SeeInvis +     r - +2 cutlass (venom)
rCold  . . .     Clarity  .     a - +0 robe (curse)
rNeg   . . .     Conserve .     (shield restricted)
rPois  .         rCorr    .     (helmet restricted)
rElec  .         rRot     .     q - +0 cloak
SustAb . .       Spirit   .     (gloves unavailable)
rMut   .         Warding  .     (boots unavailable)
Saprov . . .     NoTele   +     (no amulet)
MR     .....                    p - +3 ring of dexterity
                                o - +2 ring of evasion

@: repel missiles, very quick, not resistant to hostile enchantments, very
stealthy
A: unfitting armour, see invisible, herbivore 3, speed 3, slow metabolism 2
a: Channel Energy, Renounce Religion


You were in the Dungeon.
You worshipped Sif Muna.
Sif Muna was aware of your devotion.
You were not hungry.

You visited 1 branch

Inventory:

Hand weapons
 k - a +0,+0 dagger
 r - a +2,+2 cutlass of venom (weapon)
Armour
 a - a cursed +0 robe (worn)
 q - a +0 cloak (worn)
Magical devices
 n - a wand of cold (7)
Scrolls
 i - 2 scrolls of blinking
 l - 3 scrolls of remove curse
 m - 2 scrolls of amnesia
Jewellery
 o - a +2 ring of evasion (left hand)
 p - a +3 ring of dexterity (right hand)
Potions
 c - a potion of porridge
 d - 5 potions of curing
 e - 3 potions of heal wounds
 f - a potion of haste
 g - 4 potions of magic
 h - a potion of invisibility
Books
 b - a book of Air

   Spells                             Type                      Level
   *Shock                             Conjuration/Air              1
   Swiftness                          Charms/Air                   2
   *Repel Missiles                    Charms/Air                   2
   Flight                             Charms/Air                   3
   *Static Discharge                  Conjuration/Air              3
   *Lightning Bolt                    Conjuration/Air              5
Carrion
 j - a rotting jackal corpse


   Skills:
 - Level 3.0 Dodging
 + Level 6.5 Stealth
 + Level 13.6 Spellcasting
 - Level 0.6 Conjurations
 - Level 2.6 Air Magic


You had 20 spell levels left.
You knew the following spells:

 Your Spells              Type           Power        Failure   Level  Hunger
a - Shock                 Conj/Air       ###.         2%          1    None
b - Repel Missiles        Chrm/Air       ###...       6%          2    None
c - Static Discharge      Conj/Air       ###.....     10%         3    None
d - Lightning Bolt        Conj/Air       ###.......   82%         5    ###....


Dungeon Overview and Level Annotations

Branches:
Dungeon (1/1)

Altars:
Ashenzari
Cheibriados
Dithmenos
Elyvilon
Fedhas
Kikubaaqudgha
Makhleb
Nemelex Xobeh
Okawaru
Sif Muna
Trog
Vehumet
Xom
Yredelemnul
Zin
The Shining One


Innate Abilities, Weirdness & Mutations

You are tiny and cannot use many weapons and most armour.
You have supernaturally acute eyesight.
You are a herbivore.
You cover ground extremely quickly.
You need consume almost no food.


Message History

The unseen horror is heavily wounded.
The unseen horror completely misses you.
Casting: Shock
Confirm with . or Enter, or press ? or * to list all spells.
Aiming: Shock
Press: ? - help, Shift-Dir - straight line, f/p - unseen horror
Aim: an unseen horror (heavily wounded, slightly transparent)
The zap hits the unseen horror.
The unseen horror is heavily wounded.
The unseen horror barely misses you.
Casting: Shock
Confirm with . or Enter, or press ? or * to list all spells.
Aiming: Shock
Press: ? - help, Shift-Dir - straight line, f/p - unseen horror
Aim: an unseen horror (heavily wounded, slightly transparent)
The zap hits the unseen horror.
The unseen horror is heavily wounded.
The unseen horror hits you!
Ouch! That really hurt!
You die...

▓_▓
▓_▓
▓'▓
▓.▓
▓.▓
▓|▓
▓)▓
▓[▓
▓@▓
▓x▓
▓.▓
▓.▓
▓'▓
▓.▓
▓.▓
▓.▓
▓.▓


You could see an unseen horror (invisible).

Vanquished Creatures
  A centaur (D)
  A giant frog (D)
  A scorpion (D)
  A mummy (D)
  2 bats (D)
  A goblin (D)
  A hobgoblin (D)
  2 jackals (D)
  3 kobolds (D)
  A rat (D)
14 creatures vanquished.

Vanquished Creatures (others)
  A spatial maelstrom (D)
  A crimson imp (D)
2 creatures vanquished.

Grand Total: 16 creatures vanquished

Notes
Turn   | Place    | Note
--------------------------------------------------------------
     0 | D        | BluebellGnoll, the Spriggan Air Elementalist, began the quest for the Orb.
     0 | D        | Reached XP level 1. HP: 9/9 MP: 4/4
     0 | D        | Banished a spatial maelstrom
    10 | D        | Reached skill level 4 in Spellcasting
    11 | D        | Reached skill level 5 in Spellcasting
    85 | D        | Noticed a crimson imp
    85 | D        | Noticed a centaur
    86 | D        | Reached XP level 2. HP: 13/13 MP: 9/11
    91 | D        | Killed a crimson imp
    91 | D        | Reached skill level 8 in Spellcasting
    91 | D        | Reached XP level 3. HP: 16/16 MP: 6/18
    94 | D        | Killed a centaur
    94 | D        | Reached skill level 11 in Spellcasting
    94 | D        | Reached XP level 4. HP: 21/21 MP: 6/23
   102 | D        | Learned a level 2 spell: Repel Missiles
   106 | D        | Learned a level 3 spell: Static Discharge
   216 | D        | Found a burning altar of Makhleb.
   216 | D        | Found an ancient bone altar of Kikubaaqudgha.
   216 | D        | Found a glowing silver altar of Zin.
   216 | D        | Found an iron altar of Okawaru.
   216 | D        | Found a shadowy altar of Dithmenos.
   216 | D        | Found a white marble altar of Elyvilon.
   216 | D        | Found a radiant altar of Vehumet.
   217 | D        | Found a snail-covered altar of Cheibriados.
   218 | D        | Found a bloodstained altar of Trog.
   219 | D        | Found a glowing golden altar of the Shining One.
   220 | D        | Found a sparkling altar of Nemelex Xobeh.
   221 | D        | Found a shattered altar of Ashenzari.
   222 | D        | Found a deep blue altar of Sif Muna.
   223 | D        | Found a blossoming altar of Fedhas.
   224 | D        | Found a shimmering altar of Xom.
   225 | D        | Found a basalt altar of Yredelemnul.
   226 | D        | Found a shattered altar of Ashenzari.
   227 | D        | Found a bloodstained altar of Trog.
   231 | D        | Became a worshipper of Sif Muna the Loreminder
   270 | D        | Noticed a scorpion
   270 | D        | Noticed a giant frog
   270 | D        | Noticed an unseen horror
   310 | D        | Killed a scorpion
   310 | D        | Acquired Sif Muna's first power
   310 | D        | Reached skill level 12 in Spellcasting
   310 | D        | Reached XP level 5. HP: 24/24 MP: 17/26
   324 | D        | Killed a giant frog
   324 | D        | Reached skill level 13 in Spellcasting
   331 | D        | Learned a level 5 spell: Lightning Bolt
   383 | D        | Slain by an unseen horror

Action                   |  1- 3 |  4- 6 || total
-------------------------+-------+-------++-------
Melee: Dagger            |     2 |       ||     2
 Cast: Shock             |     9 |    26 ||    35
       Repel Missiles    |       |     1 ||     1
  Use: Potion            |     1 |       ||     1
